 Dungeon Crawl Stone Soup version 0.23.0 (webtiles) character file.

Game seed: 15032685863342227665

121 doot the Cudgeler (level 5, 0/33 HPs)
             Began as a Tengu Monk on Feb 18, 2019.
             Was a Priest of Makhleb.
             Slain by a sky beast (4 damage)
             ... on level 4 of the Dungeon.
             The game lasted 00:07:08 (1335 turns).

doot the Cudgeler (Tengu Monk)                      Turns: 1335, Time: 00:07:09

Health: 0/33       AC:  2    Str: 12    XL:     5   Next: 5%
Magic:  6/6        EV: 14    Int: 11    God:    Makhleb [***...]
Gold:   82         SH:  0    Dex: 16    Spells: 4/4 levels left

rFire    . . .     SeeInvis .   l - +0 flail
rCold    . . .     Gourm    .   (no shield)
rNeg     . . .     Faith    .   b - +0 robe
rPois    .         Spirit   .   (helmet restricted)
rElec    .         Reflect  .   (no cloak)
rCorr    .         Harm     .   (no gloves)
MR       .....                  (boots unavailable)
Stlth    ++........             (no amulet)
HPRegen  0.11/turn              (no ring)
MPRegen  0.10/turn              (no ring)

@: no status effects
A: beak, talons 3, able to fly
a: Fly, Minor Destruction, Lesser Servant of Makhleb, Renounce Religion


You were on level 4 of the Dungeon.
You worshipped Makhleb.
Makhleb was most pleased with you.
You were not hungry.

You visited 1 branch of the dungeon, and saw 4 of its levels.

You collected 82 gold pieces.

Inventory:

Hand Weapons
 a - a +0 mace
 l - a +0 flail (weapon)
Armour
 b - a +0 robe (worn)
 f - a +1 helmet
Wands
 k - a wand of disintegration (15)
Scrolls
 d - a scroll of amnesia {unknown}
 e - a scroll of fear {unknown}
 g - a scroll of identify {unknown}
 h - 3 scrolls of teleportation {unknown}
Potions
 i - a potion of magic {unknown}
 j - a potion of resistance {unknown}
 m - a potion of lignification {unknown}
 n - a potion of curing {unknown}
Comestibles
 c - 6 rations


   Skills:
 + Level 3.6 Fighting
 + Level 4.6 Maces & Flails
 + Level 4.2 Dodging
 + Level 2.5 Stealth


You had 4 spell levels left.
You didn't know any spells.
Your spell library was empty.

Dungeon Overview and Level Annotations

Branches:
Dungeon (4/15)
 Temple: D:4-7

Altars:
Makhleb


Innate Abilities, Weirdness & Mutations

You have a beak for a mouth.
You have claws for feet.
You can fly continuously.


Message History

You barely miss the sky beast.
The sky beast is moderately wounded.
The sky beast flickers out of sight!
Deactivating autopickup; reactivate with Ctrl-A.
Something hits you. Something shocks you.
A sky beast appears from thin air!
Reactivating autopickup.
The sky beast hits you.
* * * LOW HITPOINT WARNING * * *
The sky beast shocks you.
* * * LOW HITPOINT WARNING * * *
You sock the sky beast! Your kick misses the sky beast.
The sky beast is heavily wounded.
The sky beast closely misses you.
You barely miss the sky beast.
The sky beast is heavily wounded.
The sky beast flickers out of sight!
Deactivating autopickup; reactivate with Ctrl-A.
Something hits you.
You die...

..# #...####...#..#
..
##........#.#..#...
#.#.#.#.#.#.#..#.#
................
#.#.#o#.#.#..####
.>..............
.#.#.#.#)#.#.#..#
.........†.≈@...#
.#.#.#.#.#.#{#..#
..#..###..÷.#
#.....## #.#..# #
###########.#..# .
#...........#.>#
######.###########.##
..[....##........#.#
.#####.†..######....


You could see an orc.

Vanquished Creatures
  2 worker ants (D:4)
  3 adders
  An ooze (D:3)
  A worm (D:4)
  2 leopard geckos
  5 orcs
  4 goblins
  2 hobgoblins
  2 jackals (D:1)
  3 kobolds
  2 ball pythons
  4 bats
  A frilled lizard (D:3)
  3 rats (D:1)
35 creatures vanquished.

Notes
Turn   | Place    | Note
-------+----------+-------------------------------------------
     0 | D:1      | doot the Tengu Monk began the quest for the Orb.
     0 | D:1      | Reached XP level 1. HP: 14/14 MP: 2/2
   246 | D:1      | Reached XP level 2. HP: 17/19 MP: 3/3
   649 | D:3      | Found a faded altar of an unknown god.
   656 | D:3      | Became a worshipper of Makhleb the Destroyer
   656 | D:3      | Reached * piety under Makhleb
   656 | D:3      | Reached ** piety under Makhleb
   698 | D:3      | Reached XP level 3. HP: 23/23 MP: 4/4
   773 | D:3      | Reached *** piety under Makhleb
   967 | D:4      | Noticed a sky beast
  1189 | D:4      | Reached XP level 4. HP: 28/28 MP: 5/5
  1323 | D:4      | Gained mutation: You can fly continuously. [Tengu growth]
  1323 | D:4      | Reached XP level 5. HP: 33/33 MP: 6/6
  1335 | D:4      | Slain by a sky beast

Skill      XL: |  1  2  3  4 |
---------------+-------------+-----
Maces & Flails | 4 |  4.6
Dodging        | 4 |  4.2
Fighting       | |  3.6
Stealth        | |  2.5

Action                   |  1- 3 |  4- 6 || total
-------------------------+-------+-------++-------
Melee: Mace              |    63 |       ||    63
       Kick              |    15 |     6 ||    21
       Peck              |     6 |     2 ||     8
       Flail             |     8 |    20 ||    28
 Stab: Sleeping          |     3 |     1 ||     4
  Eat: Chunk             |       |     1 ||     1
Armor: Robe              |    10 |       ||    10
Dodge: Dodged            |    51 |    10 ||    61
